 Dungeon Crawl Stone Soup version 0.32-a0-918-g0f22ef8d61 (webtiles) character file.

Game seed: 10045701521867093987

219 Autsider the Insei (level 5, -1/37 HPs)
             Began as an Octopode Shapeshifter on Apr 10, 2024.
             Slain by an orc warrior
             ... wielding a +0 hand axe
              (3 damage)
             ... on level 4 of the Dungeon.
             The game lasted 00:03:42 (2134 turns).

Autsider the Insei (Octopode Shapeshifter)          Turns: 2134, Time: 00:03:43

Health: -1/37      AC:  1    Str: 13    XL:     5   Next: 96%
Magic:  14/14      EV: 12    Int: 13    God:
Gold:   162        SH:  0    Dex: 13    Spells: 4/4 levels left

rFire   . .          .
                       - Unarmed
rCold   . . .        (no shield)
rNeg    . . .        (helmet currently unavailable)
rPois   .            (no amulet)
rElec   .            l - ring of magical power
rCorr   .            n - +4 ring of slaying
SInv    .            (no ring)
Will    .....        (no ring)
Stlth   ++           (no ring)
HPRegen 0.26/turn    (no ring)
MPRegen 0.14/turn    (no ring)
                     (no ring)

%: no passive effects
@: beast-form
A: beast (slay +2), almost no armour, amphibious, 8 rings, camouflage 1,
gelatinous body 1, (nimble swimmer 1), tentacles
a: Begin Untransformation


You were on level 4 of the Dungeon.
You were a hulking beast.
You visited 1 branch of the dungeon, and saw 4 of its levels.

You collected 162 gold pieces.

Inventory:

Missiles
 r - 4 curare-tipped darts (quivered)
Jewellery
 l - a ring of magical power (left tentacle)
 n - a +4 ring of slaying (right tentacle)
Talismans
 b - a beast talisman (active)
 c - a flux talisman
 p - a maw talisman
Scrolls
 d - 2 scrolls of identify {unknown}
 f - 5 scrolls of poison
 g - a scroll of summoning {unknown}
 j - a scroll of fog
 q - 2 scrolls of silence {unknown}
 s - a scroll of amnesia {unknown}
 t - a scroll of blinking {unknown}
Potions
 a - 2 potions of lignification
 e - 2 potions of curing {unknown}
 h - a potion of haste {unknown}
 i - 3 potions of ambrosia {unknown}
 m - a potion of brilliance {unknown}
 o - a potion of mutation {unknown}
 u - a potion of might {unknown}


   Skills:
 + Level 3.6 Fighting
 - Level 2.0 Dodging
 + Level 4.2 Unarmed Combat
 + Level 4.1 Shapeshifting


You had 4 spell levels left.
You didn't know any spells.
Your spell library was empty.

Dungeon Overview and Level Annotations

Branches:
Dungeon (4/15)
 Temple: D:4-7

Altars:

Annotations:
D:3 Sigmund


Innate Abilities, Weirdness & Mutations

You are a hulking beast.
Your limbs bulge with bestial killing power. (Slay +2)
You cannot wear most types of armour.
You are amphibious.
You can wear up to eight rings at the same time.
Your skin changes colour to match your surroundings (Stealth+).
Your rubbery body absorbs attacks. (AC +1, EV +1)
((You are camouflaged when in or above water. (Stealth+)))
You have tentacles for arms and can constrict up to eight enemies at once.


Message History

d - 2 scrolls labelled ZEQO LOEBOOSI (gained 1)
Found a long sword.
You now have 162 gold pieces (gained 10).
i - 3 coppery potions (gained 1)
Found a stone staircase leading down.
An orc comes into view. It is wielding a +0 hand axe.
An orc warrior comes into view. It is wielding a +0 hand axe.
An orc comes into view. It is wielding a +0 dagger.
The orc warrior shouts!
The orc closely misses you.
You completely miss the orc.
The orc shouts!
You grab the orc. You constrict the orc. You tentacle-slap the orc.
You kill the orc!
You barely miss the orc warrior. Your grab misses the orc warrior.
You squeeze the orc warrior, but do no damage.
The orc warrior hits you with a +0 hand axe!
You are too injured to fight recklessly!
You closely miss the orc warrior. Your grab misses the orc warrior.
You squeeze the orc warrior!
The orc warrior is moderately wounded.
The orc warrior hits you with a +0 hand axe!
* * * LOW HITPOINT WARNING * * *
You tentacle-slap the orc warrior but do no damage.
You grab the orc warrior.
The orc warrior is moderately wounded.
You constrict the orc warrior, but do no damage.
The orc warrior barely misses you.
You tentacle-slap the orc warrior.
The orc warrior is heavily wounded.
You constrict the orc warrior, but do no damage.
The orc warrior hits you with a +0 hand axe.
* * * LOW HITPOINT WARNING * * *
As you read the scroll labelled MIUKAG ANLEB, it crumbles to dust.
It is a scroll of enchant weapon.
You aren't carrying any weapons that can be enchanted.
You constrict the orc warrior.
The orc warrior hits you with a +0 hand axe.
You die...

... ..# #.# #.#
#+# #.# #.# #o#
#.# #o# #####.##
#h# ..##...## #.#
#.#.....## #.#
#........# #.#
#..##.##.#######.#
#..##...........>#
......##.#########
#..##.##.#
#..##[##.#


You could see an orc warrior and an orc.

Vanquished Creatures
  A phantom (D:4)
  A bombardier beetle (D:3)
  An orc wizard (D:4)
  3 adders (D:2)
  A ribbon worm (D:2)
  6 orcs
  2 endoplasms
  3 giant cockroaches (D:1)
  4 goblins
  5 hobgoblins
  5 jackals
  3 quokkas
  10 ball pythons
  4 bats
  3 frilled lizards
  4 kobolds
  2 rats (D:2)
58 creatures vanquished.

Notes
Turn   | Place    | Note
-------+----------+-------------------------------------------
     0 | D:1      | Autsider the Octopode Shapeshifter began the quest for the
                  | Orb.
     0 | D:1      | Reached XP level 1. HP: 13/13 MP: 1/1
   122 | D:1      | Reached XP level 2. HP: 19/19 MP: 2/2
   777 | D:2      | Reached XP level 3. HP: 25/25 MP: 3/3
   946 | D:2      | Reached XP level 4. HP: 30/30 MP: 4/4
  1416 | D:3      | Noticed Sigmund
  1954 | D:4      | Noticed a phantom
  1961 | D:4      | Killed a phantom
  1962 | D:4      | Reached XP level 5. HP: 23/36 MP: 5/5
  2123 | D:4      | Noticed an orc warrior
  2133 | D:4      | HP: 1/37 [orc warrior/+0 hand axe (6)]
  2134 | D:4      | Slain by an orc warrior

Illustrated notes

Levels and vault maps discovered:
D:1:      sevenhm_arrival_forest_fort_large_4, layout_loops_ring, minmay_unequal
D:2:      layout_rooms, minmay_tetromino_i2
D:3:      layout_loops_cross, chequers_serial_rivers_micro_a, uniq_sigmund
D:4:      layout_loops_corners, overflow_temple_1_default,
          chequers_temple_overflow_minitemple

Skill      XL: |  1  2  3  4  5 |
---------------+----------------+-----
Fighting       | 2 3 |  3.6
Unarmed Combat | 4 |  4.2
Shapeshifting  | 4 |  4.1
Dodging        | |  2.0

Action                     |  1- 3 |  4- 6 || total
---------------------------+-------+-------++-------
  Melee: Unarmed           |    40 |    48 ||    88
         Constrict         |    19 |     8 ||    27
         Tentacles         |    10 |     7 ||    17
         Punch             |     1 |     2 ||     3
    Use: Scroll            |     1 |     2 ||     3
   Stab: Sleeping          |     3 |     4 ||     7
 Armour: Skin              |    16 |    17 ||    33
  Dodge: Dodged            |    27 |    22 ||    49

Table legend: (Time is in decaauts)
 A = Elapsed time spent in this place.
 B = Non-inter-level travel time spent in this place.
 C = Inter-level travel time spent in this place.
 D = Time resting spent in this place.
 E = Time spent auto-exploring this place.
 F = Levels seen in this place.
 G = Mean time per level.
                   A        B        C        D        E       F      G
               +--------+--------+--------+--------+--------+-----+--------+
         Total |   2127 |   2043 |     84 |      9 |   1706 |   4 |  531.8 |
       Dungeon |   2127 |   2043 |     84 |      9 |   1706 |   4 |  531.8 |
               +--------+--------+--------+--------+--------+-----+--------+

Top non-repeatable levels by time:
     D:1: 687 daAuts
     D:2: 635 daAuts
     D:3: 626 daAuts
     D:4: 178 daAuts
